 Dungeon Crawl Stone Soup version 0.30.0-10-gfe55d96785 (webtiles) character file.

Game seed: 6797401586055687398

9109 Edyrem the Spear-Bearer (level 11, -3/86 HPs)
             Began as a Merfolk Gladiator on May 16, 2023.
             Was a Follower of Okawaru.
             Slain by a six-headed hydra (4 damage)
             ... on level 10 of the Dungeon.
             The game lasted 00:27:36 (12519 turns).

Edyrem the Spear-Bearer (Merfolk Gladiator)        Turns: 12519, Time: 00:27:37

Health: -3/86      AC: 25    Str: 22    XL:     11   Next: 41%
Magic:  9/11       EV: 11    Int: 12    God:    Okawaru [*.....]
Gold:   595        SH:  0    Dex: 16    Spells: 10/10 levels left

rFire   + . .        b - +0 trident
rCold   + + .        (no shield)
rNeg    . . .        Q - +1 plate armour {rC+}
rPois   +            o - +2 hat {SInv}
rElec   +            G - +0 cloak
rCorr   +            n - +2 pair of gloves
SInv    +            (no boots)
Will    .....        v - amulet of faith Stlth
                     r - ring of resist corrosion
HPRegen 0.34/turn    K - ring of Munk {rPois rF+ rC+ Int+6}
MPRegen 0.12/turn

%: faith
@: heroic
A: (nimble swimmer 2), mertail, electricity resistance, strong 1
a: Renounce Religion, Heroism


You were on level 10 of the Dungeon.
You worshipped Okawaru.
Okawaru was aware of your devotion.
You visited 2 branches of the dungeon, and saw 12 of its levels.
You also visited: Ossuary.

You collected 604 gold pieces.
You spent 9 gold pieces at shops.

Inventory:

Hand Weapons
 a - a +4 spear
 b - a +0 trident (weapon)
 c - a +0 halberd
Missiles
 d - 3 throwing nets
 e - 5 javelins
 i - a curare-tipped dart
 m - 17 poisoned darts
 q - 9 boomerangs (quivered)
Armour
 n - a +2 pair of gloves (worn)
 o - a +2 hat of see invisible (worn)
 x - a +3 ring mail
 z - a +2 helmet of intelligence
 G - a +0 cloak (worn)
 P - the +1 ring mail of the Arcane {Str+2 Int+2 Stlth+}
   (You found it on level 7 of the Dungeon)

   Str:       It affects your strength (+2).
   Int:       It affects your intelligence (+2).
   Stlth:     It makes you more stealthy.
 Q - a +1 plate armour of cold resistance (worn)
Jewellery
 f - a ring of protection from cold
 k - an amulet of the acrobat
 r - a ring of resist corrosion (left hand)
 v - an amulet of faith (around neck)
 F - a ring of see invisible
 K - the ring of Munk (right hand) {rPois rF+ rC+ Int+6}
   (You took it off an orc on level 5 of the Dungeon)

   [ring of intelligence]

   Int:       It affects your intelligence (+6).
   rF:        It protects you from fire.
   rC:        It protects you from cold.
   rPois:     It protects you from poison.
 N - a +6 ring of intelligence
 O - a ring of poison resistance
Wands
 u - a wand of digging (5)
 w - a wand of charming (17)
 B - a wand of roots (5)
 I - a wand of polymorph (18)
 M - a wand of mindburst (32)
Scrolls
 h - 4 scrolls of enchant armour
 j - 6 scrolls of teleportation
 l - 5 scrolls of poison
 t - 3 scrolls of identify {@r1}
 y - a scroll of fear
 A - a scroll of fog
 L - 2 scrolls of amnesia
Potions
 g - 2 potions of haste {unknown}
 p - 2 potions of attraction {unknown}
 s - 2 potions of might
 C - 3 potions of flight
 E - a potion of brilliance {unknown}
 H - a potion of magic {unknown}
 J - a potion of ambrosia {unknown}
 R - 4 potions of curing {@q2}
 S - 3 potions of lignification


   Skills:
 - Level 8.0(13.0) Fighting
 + Level 13.0(18.0) Polearms
 - Level 2.0(7.0) Throwing
 - Level 10.0(15.0) Armour
 - Level 4.0(9.0) Dodging


You had 10 spell levels left.
You didn't know any spells.
Your spell library contained the following spells:

 Spells                   Type           Power      Damage    Failure   Level
 Blink                    Tloc           0%         N/A       99%         2
 Dazzling Flash           Conj/Hex       0%         N/A       100%        3
 Ignite Poison            Fire/Tmut/Pois 0%         N/A       100%        3
 Volatile Blastmotes      Fire/Tloc      0%         2d10      100%        3
 Iskenderun's Mystic Bla  Conj/Tloc      0%         2d3       100%        4
 Manifold Assault         Tloc           0%         N/A       100%        4
 Sticky Flame             Conj/Fire      0%         2d3       100%        4
 Blade Hands              Tmut           0%         N/A       100%        5
 Iron Shot                Conj/Erth      0%         9d1       100%        6
 Starburst                Conj/Fire      0%         6d3       100%        6
 Storm Form               Tmut/Air       0%         N/A       100%        7
 Ignition                 Fire           0%         3d3       100%        8
 Animate Armour           Summ/Erth      Unusable   N/A       N/A         4

Dungeon Overview and Level Annotations

Branches:
Dungeon (11/15)            Temple (1/1) D:4         Ossuary (visited)
   Lair: D:8-11         Orc: D:9-12

Altars:
Ashenzari
Cheibriados
Dithmenos
Elyvilon
Fedhas
Gozag
Hepliaklqana
Kikubaaqudgha
Makhleb
Nemelex Xobeh
Okawaru
Qazlal
Ru
Sif Muna
Trog
Uskayaw
Vehumet
Wu Jian
Xom
Yredelemnul
Zin
The Shining One

Shops:
D:1 :*[*:   D:8 *


Innate Abilities, Weirdness & Mutations

((You are very nimble when in or above water. (Stealth+, EV+, Speed+++)))
Your lower body shifts to a powerful aquatic tail in water.
You are resistant to electric shocks. (rElec)
Your muscles are strong. (Str +4, Int/Dex -1)


Message History

The six-headed hydra bites you but does no damage. x5
The six-headed hydra completely misses you.
You barely miss the six-headed hydra.
The six-headed hydra is moderately wounded.
You puncture the six-headed hydra!
The six-headed hydra is moderately wounded.
The six-headed hydra completely misses you.
The six-headed hydra closely misses you.
The six-headed hydra bites you but does no damage.
The six-headed hydra closely misses you. x2
The six-headed hydra barely misses you.
You hit the six-headed hydra.
The six-headed hydra is heavily wounded.
The six-headed hydra bites you but does no damage. x2
The six-headed hydra closely misses you. x2
The six-headed hydra barely misses you. The six-headed hydra misses you.
You barely miss the six-headed hydra.
The six-headed hydra is heavily wounded.
You barely miss the six-headed hydra.
The six-headed hydra is heavily wounded.
The six-headed hydra bites you but does no damage. x2
The six-headed hydra misses you.
The six-headed hydra bites you but does no damage. x3
You puncture the six-headed hydra!
The six-headed hydra is severely wounded.
You barely miss the six-headed hydra.
The six-headed hydra is severely wounded.
The six-headed hydra bites you but does no damage. x5
The six-headed hydra bites you!
* * * LOW HITPOINT WARNING * * *
You hit the six-headed hydra.
The six-headed hydra is severely wounded.
The six-headed hydra bites you.
* * * LOW HITPOINT WARNING * * *
The six-headed hydra bites you but does no damage. x2
The six-headed hydra bites you!
* * * LOW HITPOINT WARNING * * *
The six-headed hydra bites you but does no damage.
The six-headed hydra bites you.
You die...

......######...)...#
##'#### #.......# #.#
#.......# #.#
##'###### #.# ##.#
#.# #..# #.#
###.######## #.#
#...>......# #.#
#......@D..# #.#
#......>...# ##.#
#..........#
...#######..........#
#...................#
###.#..###..........#
#.#.##.##..#####.##
#.#.#......##....#
#.#.##.##..##[####


You could see a six-headed hydra.

Vanquished Creatures
  Gastronok (D:9)
  A boulder beetle (D:8)
  A cyclops (D:11)
  An unseen horror (D:10)
  2 trolls (D:10)
  A hornet (D:7)
  A shadow (D:10)
  A wraith (D:10)
  A wyvern (D:10)
  7 yaks
  Menkaure (D:4)
  A steam dragon (D:7)
  An acid dragon (D:9)
  4 orc warriors
  A sky beast (D:7)
  An ice beast (D:10)
  2 black bears
  An ogre (D:6)
  2 phantoms
  A centaur (D:9)
  An elf zombie (D:8)
  2 kobold brigands (D:5)
  A bullfrog (D:7)
  A gnoll sergeant (D:9)
  2 scorpions (D:6)
  3 elf skeletons (D:8)
  6 wights
  23 killer bees
  4 howler monkeys
  3 hounds
  3 jellies
  A sleepcap (D:7)
  A human zombie (D:8)
  4 orc priests
  Ijyb (D:3)
  Jessica (D:3)
  2 human skeletons (D:8)
  An iguana (D:6)
  12 orc wizards
  Natasha (thrice) (D:4)
  A centaur simulacrum (D:10)
  A mummy (Ossuary)
  Robin (D:4)
  9 gnolls
  5 adders
  A shadow imp (D:7)
  4 white imps
  An ufetubus (D:6)
  A worm (D:3)
  3 dart slugs
  26 orcs
  A spectral bat (Ossuary)
  12 endoplasms
  3 giant cockroaches
  12 gnoll zombies (Ossuary)
  16 goblins
  13 hobgoblins
  4 jackals (D:2)
  13 kobolds
  A quokka (D:3)
  6 ball pythons
  11 bats
  4 bat simulacra (Ossuary)
  6 frilled lizards
  3 goblin simulacra (Ossuary)
  4 goblin zombies (Ossuary)
  5 hobgoblin zombies (Ossuary)
  2 kobold simulacra (Ossuary)
  8 kobold zombies (Ossuary)
  2 orc skeletons (D:8)
  3 orc zombies
  13 rats
  A rat simulacrum (Ossuary)
  2 spectral goblins (Ossuary)
  2 spectral kobolds (Ossuary)
  2 spectral rats (Ossuary)
309 creatures vanquished.

Notes
Turn   | Place    | Note
-------+----------+-------------------------------------------
     0 | D:1      | Edyrem the Merfolk Gladiator began the quest for the Orb.
     0 | D:1      | Reached XP level 1. HP: 16/16 MP: 1/1
    77 | D:1      | Found a faded altar of an unknown god.
    80 | D:1      | Found Fasuh's General Store.
   149 | D:1      | Reached XP level 2. HP: 24/24 MP: 2/2
   191 | D:1      | Found Seesuteq's Assorted Antiques.
   196 | D:1      | Found Quiveyc's Book Boutique.
   283 | D:1      | Reached XP level 3. HP: 30/30 MP: 3/3
   317 | D:1      | Found Ydaly's Armour Shop.
   530 | D:1      | Noticed a walking earthen tome
   536 | D:1      | Found Guxifull's Book Shop.
   541 | D:1      | Noticed a walking divine tome
   916 | D:2      | Reached XP level 4. HP: 38/38 MP: 4/4
  1225 | D:2      | You fall into a shaft and drop 1 floor!
  1330 | D:3      | Reached skill level 5 in Fighting
  1578 | D:3      | Noticed Jessica
  1590 | D:3      | Killed Jessica
  1591 | D:3      | Reached XP level 5. HP: 21/44 MP: 5/5
  2117 | D:3      | Noticed Ijyb
  2127 | D:3      | Killed Ijyb
  2471 | D:4      | Noticed Robin
  2518 | D:4      | Killed Robin
  2523 | D:4      | Reached XP level 6. HP: 19/53 MP: 6/6
  2673 | D:4      | Found a staircase to the Ecumenical Temple.
  2678 | Temple   | Entered the Ecumenical Temple
  2826 | D:4      | Noticed Menkaure
  2836 | D:4      | Killed Menkaure
  3062 | D:4      | Found a burning altar of Makhleb.
  3138 | D:4      | Reached XP level 7. HP: 55/62 MP: 7/7
  3241 | D:4      | Noticed Natasha
  3253 | D:4      | Killed Natasha
  3500 | D:4      | Noticed Natasha
  3507 | D:4      | Killed Natasha
  3688 | D:4      | Noticed Natasha
  3696 | D:4      | Killed Natasha
  3697 | D:4      | Reached skill level 5 in Polearms
  3723 | D:5      | Entered Level 5 of the Dungeon
  3838 | D:5      | Identified the ring of Munk {rPois rF+ rC+ Int+6}
  3886 | D:5      | Gained mutation: You are dopey. (Int -2) [potion of
                  | mutation]
  3886 | D:5      | Gained mutation: Your movements are slightly less
                  | encumbered by armour. (ER -2) [potion of mutation]
  3887 | D:5      | Lost mutation: You are dopey. (Int -2) [potion of mutation]
  3887 | D:5      | Lost mutation: Your movements are slightly less encumbered
                  | by armour. (ER -2) [potion of mutation]
  3887 | D:5      | Gained mutation: You are dopey. (Int -2) [potion of
                  | mutation]
  3893 | D:5      | Reached skill level 6 in Polearms
  3917 | D:5      | Found a hazy altar of Hepliaklqana.
  4228 | D:5      | Reached skill level 7 in Polearms
  4419 | D:5      | Lost mutation: You are dopey. (Int -2) [potion of mutation]
  4419 | D:5      | Gained mutation: Your muscles are strong. (Str +4, Int/Dex
                  | -1) [potion of mutation]
  4419 | D:5      | Gained mutation: You are resistant to electric shocks.
                  | (rElec) [potion of mutation]
  4777 | D:6      | Reached XP level 8. HP: 55/68 MP: 8/8
  4957 | D:6      | Reached skill level 8 in Polearms
  5038 | D:6      | Reached skill level 9 in Polearms
  5375 | D:6      | Reached skill level 10 in Polearms
  5396 | D:6      | Found a sparkling altar of Nemelex Xobeh.
  5897 | D:6      | Found a basalt altar of Yredelemnul.
  6047 | D:6      | Found a sacrificial altar of Ru.
  6136 | D:7      | Identified the +1 ring mail of the Arcane {Str+2 Int+2
                  | Stlth+}
  6167 | D:7      | Reached skill level 11 in Polearms
  6181 | D:7      | Reached XP level 9. HP: 21/74 MP: 9/9
  6214 | D:7      | Reached skill level 12 in Polearms
  6254 | D:7      | Reached skill level 1 in Armour
  6337 | D:7      | Noticed a hornet
  6349 | D:7      | Killed a hornet
  6898 | D:7      | Reached skill level 5 in Armour
  6953 | D:7      | Found a stormy altar of Qazlal.
  7571 | D:8      | Found a sand-covered staircase.
  7579 | Ossuary  | Entered an ossuary
  7673 | Ossuary  | Reached XP level 10. HP: 69/79 MP: 10/10
  8228 | D:8      | Noticed a boulder beetle
  8240 | D:8      | Killed a boulder beetle
  9110 | D:8      | Found Gorisur's CLEARANCE SALE!.
  9118 | D:8      | Bought a scroll of torment for 9 gold pieces
 10088 | D:9      | Noticed Gastronok
 10123 | D:9      | HP: 3/80 [Gastronok (5)]
 10125 | D:9      | Killed Gastronok
 10370 | D:9      | Reached XP level 11. HP: 72/86 MP: 11/11
 10485 | D:9      | Found a bloodstained altar of Trog.
 10485 | D:9      | Found an iron altar of Okawaru.
 10516 | D:9      | Became a worshipper of Warmaster Okawaru
 10976 | D:9      | Found a hide-covered altar of Uskayaw.
 11255 | D:10     | Entered Level 10 of the Dungeon
 11389 | D:10     | Reached * piety under Okawaru
 11601 | D:10     | Reached skill level 10 in Armour
 12221 | D:11     | Noticed a five-headed hydra
 12266 | D:11     | Noticed a cyclops
 12280 | D:11     | Killed a cyclops
 12280 | D:11     | Reached ** piety under Okawaru
 12281 | D:11     | Reached skill level 13 in Polearms
 12519 | D:10     | HP: 1/86 [six-headed hydra (7)]
 12519 | D:10     | Slain by a six-headed hydra

Illustrated notes

Levels and vault maps discovered:
D:1:      erik_arrival_triangle_small, layout_rooms,
          dreamdust_ecumenical_altar_statues, serial_shops, shop, shop,
          nicolae_shop_real_fake_doors, nicolae_shop_mannequins, shop,
          minmay_misc_feat_encased
D:2:      layout_basic, kennysheep_generic_room_10
D:3:      layout_loops_ring, uniq_jessica, uniq_ijyb
D:4:      layout_cave_pods, makhleb_heckhound_becter, temple_doors_e,
          minmay_misc_feat_rows, serial_bayou_crossing, uniq_robin,
          uniq_natasha, uniq_menkaure
D:5:      layout_basic, mainiacjoe_overflow_24_doors
D:6:      layout_layer_cave, nemelex_dance_club_becter,
          mainiacjoe_overflow_swirl
D:7:      layout_basic, nicolae_qazlal_beasts_of_the_sky, minmay_misc_feat_room
D:8:      layout_layer_cave, nicolae_ossuary_entry_catacombs,
          nicolae_shop_clearance
D:9:      layout_basic, grunt_temple_overflow_bloody_war, lemuel_tele_altar,
          uniq_gastronok
D:10:     layout_roguey, serial_ice, serial_ice_a, serial_ice_d, serial_ice_b,
          serial_ice_c
D:11:     layout_roguey, lair_entry_dummy, grunt_decor_cap
Temple:   hellmonk_temple_forest_ring

Skill      XL: |  1  2  3  4  5  6  7  8  9 10 11 |
---------------+----------------------------------+-----
Fighting       | 3 4 5 6 8 |  8.0
Polearms       | 7 11 12 13 | 13.0
Armour         | 5 9 10 | 10.0
Throwing       | |  2.0
Dodging        | |  4.0

Action                     |  1- 3 |  4- 6 |  7- 9 | 10-12 || total
---------------------------+-------+-------+-------+-------++-------
  Melee: Trident           |   105 |   149 |   150 |   191 ||   595
         Punch             |     1 |     1 |     4 |     4 ||    10
         Halberd           |       |   100 |   120 |   295 ||   515
         Spear             |       |       |   275 |       ||   275
  Throw: Boomerang         |       |       |     9 |       ||     9
 Invoke: Heroism           |       |       |       |     1 ||     1
    Use: Potion            |       |     3 |     8 |     3 ||    14
         Scroll            |       |       |       |    16 ||    16
   Stab: Sleeping          |     1 |       |       |       ||     1
         Distracted        |       |       |       |     1 ||     1
 Armour: Chain mail        |    55 |    97 |       |       ||   152
         Ring mail         |       |    75 |   222 |    12 ||   309
         Plate armour      |       |       |       |   286 ||   286
  Dodge: Dodged            |    51 |   147 |   250 |   190 ||   638
